 Dungeon Crawl Stone Soup version 0.23.1-37-gaa34b87b72 (webtiles) character file.

Game seed: 833657263362056651

640 Kholdaimon the Vexing (level 7, -1/52 HPs)
             Began as a Gnoll Arcane Marksman on Mar 27, 2019.
             Slain by a hound zombie (2 damage)
             ... on level 4 of the Dungeon.
             The game lasted 00:21:57 (3807 turns).

Kholdaimon the Vexing (Gnoll Arcane Marksman)       Turns: 3807, Time: 00:21:57

Health: -1/52      AC:  5    Str: 14    XL:     7   Next: 51%
Magic:  12/12      EV: 14    Int: 15    God:
Gold:   119        SH:  0    Dex: 16    Spells: 9/13 levels left

rFire    + . .     SeeInvis .   q - +1 whip (holy)
rCold    + . .     Gourm    .   (no shield)
rNeg     . . .     Faith    .   v - +0 ring mail
rPois    +         Spirit   .   (no helmet)
rElec    +         Reflect  .   A - scarf {repulsion}
rCorr    +         Harm     .   (no gloves)
MR       .....                  (no boots)
Stlth    ++........             (no amulet)
HPRegen  0.17/turn              (no ring)
MPRegen  0.13/turn              (no ring)

@: resistant, slowed, repel missiles, very slow
A: distributed training, fangs 1, strong nose
a: no special abilities


You were on level 4 of the Dungeon.
You were not hungry.

You visited 1 branch of the dungeon, and saw 4 of its levels.

You collected 119 gold pieces.

Inventory:

Hand Weapons
 a - a +0 hunting sling
 q - a +1 whip of holy wrath (weapon)
 r - a +0 dagger
 w - a +0 mace
 x - the +4 short sword of Leker {speed, *Contam Str+9 Dex+8 Stlth-, unknown}
   (You found it on level 4 of the Dungeon)

   Attacks with this weapon are significantly faster.
   It affects your strength (+9).
   It affects your dexterity (+8).
   It causes magical contamination when unequipped.
   It makes you less stealthy.
 y - a +0 falchion
Missiles
 i - 64 stones (quivered)
 j - 11 poisoned needles
 s - 26 sling bullets
Armour
 d - a +0 scale mail
 e - a +0 robe
 m - a +0 chain mail
 t - a +0 leather armour
 v - a +0 ring mail (worn)
 z - a +0 leather armour
 A - a scarf of repulsion (worn)
Jewellery
 o - an uncursed ring of positive energy {unknown}
 p - a +3 ring of intelligence {unknown}
Wands
 u - a wand of flame (32)
Scrolls
 c - a scroll of fear
 g - 3 scrolls of amnesia
 h - 2 scrolls of immolation
 l - a scroll of blinking
Potions
 b - a potion of berserk rage {unknown}
 k - a potion of flight {unknown}
Comestibles
 f - 9 rations
 B - a chunk of flesh


   Skills:
 + Level 3.6 Fighting
 + Level 2.5 Short Blades
 + Level 2.5 Long Blades
 + Level 2.5 Axes
 + Level 2.5 Maces & Flails
 + Level 2.5 Polearms
 + Level 2.5 Staves
 + Level 5.2 Slings
 + Level 2.5 Bows
 + Level 2.5 Crossbows
 + Level 2.5 Throwing
 + Level 2.5 Armour
 + Level 5.2 Dodging
 + Level 2.5 Stealth
 + Level 2.5 Shields
 + Level 2.5 Unarmed Combat
 + Level 3.8 Spellcasting
 + Level 2.0 Conjurations
 + Level 5.8 Hexes
 + Level 2.0 Charms
 + Level 2.0 Summonings
 + Level 2.0 Necromancy
 + Level 2.0 Translocations
 + Level 2.0 Transmutations
 + Level 2.0 Fire Magic
 + Level 2.0 Ice Magic
 + Level 2.0 Air Magic
 + Level 2.0 Earth Magic
 + Level 2.0 Poison Magic
 + Level 2.7 Invocations
 + Level 2.5 Evocations


You had 9 spell levels left.
You knew the following spells:

 Your Spells              Type           Power        Failure   Level  Hunger
a - Corona                Hex            ###....      3%          1    None
b - Portal Projectile     Hex/Tloc       ##....       22%         3    ###....

Your spell library contained the following spells:

 Spells                   Type           Power        Failure   Level  Hunger
 Slow                     Hex            ###.....     4%          2    ##.....
 Inner Flame              Hex/Fire       ##......     22%         3    ###....
 Cause Fear               Hex            ###.......   32%         4    ####...
 Leda's Liquefaction      Hex/Erth       ##........   58%         4    ####...


Dungeon Overview and Level Annotations

Branches:
Dungeon (4/15)
 Temple: D:4-7

Altars:
Ru
Wu Jian


Innate Abilities, Weirdness & Mutations

Your experience applies equally to all skills.
You have very sharp teeth.
Your uncanny sense of smell can sniff out nearby items.


Message History

* * * LOW HITPOINT WARNING * * *
The hound zombie bites you.
* * * LOW HITPOINT WARNING * * *
You hit the orc wizard.
The orc wizard is almost dead.
The hound zombie misses you. The frilled lizard bites you.
* * * LOW HITPOINT WARNING * * *
The orc wizard points at you and mumbles some strange words.
You feel as though you will be slow longer.
The frilled lizard bites you but does no damage.
The hound zombie bites you but does no damage.
The orc wizard barely misses you.
You hit the orc wizard.
You kill the orc wizard!
The hound zombie closely misses you.
The frilled lizard bites you but does no damage.
The hound zombie closely misses you.
The frilled lizard bites you but does no damage.
The hound zombie bites you.
You die...

#. #.## ..# ##.#
#################..###
..........(..........#
#+######.....##...#..# ∆∆
#Z@.#.##.....#.#...
(!....l.l.)....##..#...#.
)$#...#...#............#.
#######################


You could see a hound zombie and 2 frilled lizards.

Vanquished Creatures
  Grinder (D:3)
  A centaur (D:4)
  An orc wizard (D:4)
  Natasha (thrice) (D:3)
  Ijyb (D:3)
  An iguana (D:4)
  2 worker ants (D:4)
  7 adders
  2 oozes
  An adder zombie (D:4)
  2 dart slugs
  2 leopard geckos
  6 orcs
  9 giant cockroaches
  8 goblins
  8 hobgoblins
  7 jackals
  4 quokkas
  2 ball pythons (D:3)
  5 bats (D:1)
  2 frilled lizards
  6 kobolds
  11 rats
92 creatures vanquished.

Notes
Turn   | Place    | Note
-------+----------+-------------------------------------------
     0 | D:1      | Kholdaimon the Gnoll Arcane Marksman began the quest for
                  | the Orb.
     0 | D:1      | Reached XP level 1. HP: 17/17 MP: 4/4
    80 | D:1      | Reached XP level 2. HP: 23/23 MP: 5/5
   173 | D:1      | Reached XP level 3. HP: 28/28 MP: 7/7
   614 | D:1      | Reached skill level 1 in Invocations
   796 | D:2      | Reached skill level 1 in Short Blades
   796 | D:2      | Reached skill level 1 in Long Blades
   796 | D:2      | Reached skill level 1 in Axes
   796 | D:2      | Reached skill level 1 in Maces & Flails
   796 | D:2      | Reached skill level 1 in Polearms
   796 | D:2      | Reached skill level 1 in Staves
   796 | D:2      | Reached skill level 1 in Bows
   796 | D:2      | Reached skill level 1 in Crossbows
   796 | D:2      | Reached skill level 1 in Throwing
   796 | D:2      | Reached skill level 1 in Armour
   796 | D:2      | Reached skill level 1 in Stealth
   796 | D:2      | Reached skill level 1 in Shields
   796 | D:2      | Reached skill level 1 in Unarmed Combat
   796 | D:2      | Reached skill level 1 in Evocations
   904 | D:2      | Found a sacrificial altar of Ru.
   919 | D:2      | Reached XP level 4. HP: 34/34 MP: 8/8
  1370 | D:2      | Reached skill level 1 in Conjurations
  1370 | D:2      | Reached skill level 1 in Charms
  1370 | D:2      | Reached skill level 1 in Summonings
  1370 | D:2      | Reached skill level 1 in Necromancy
  1370 | D:2      | Reached skill level 1 in Translocations
  1370 | D:2      | Reached skill level 1 in Transmutations
  1370 | D:2      | Reached skill level 1 in Fire Magic
  1370 | D:2      | Reached skill level 1 in Ice Magic
  1370 | D:2      | Reached skill level 1 in Air Magic
  1370 | D:2      | Reached skill level 1 in Earth Magic
  1370 | D:2      | Reached skill level 1 in Poison Magic
  1692 | D:3      | Reached XP level 5. HP: 40/40 MP: 9/9
  1792 | D:3      | Noticed Ijyb
  1801 | D:3      | Killed Ijyb
  2056 | D:3      | Noticed Grinder
  2077 | D:3      | Killed Grinder
  2077 | D:3      | Reached skill level 5 in Slings
  2077 | D:3      | Reached skill level 5 in Dodging
  2077 | D:3      | Reached XP level 6. HP: 14/47 MP: 9/11
  2394 | D:3      | Noticed Natasha
  2399 | D:3      | Killed Natasha
  2427 | D:3      | Found an ornate altar of the Wu Jian Council.
  2578 | D:3      | Learned a level 3 spell: Portal Projectile
  2770 | D:3      | Found an ornate altar of the Wu Jian Council.
  2887 | D:3      | Noticed Natasha
  2891 | D:3      | Killed Natasha
  3020 | D:3      | Found an ornate altar of the Wu Jian Council.
  3088 | D:3      | Noticed Natasha
  3103 | D:3      | Killed Natasha
  3103 | D:3      | Reached XP level 7. HP: 33/52 MP: 12/12
  3688 | D:4      | Got an ancient short sword
  3804 | D:4      | HP: 1/52 [hound zombie (4)]
  3807 | D:4      | Slain by a hound zombie

Skill      XL: |  1  2  3  4  5  6  7 |
---------------+----------------------+-----
Invocations    | 1 2 |  2.7
Short Blades   | 1 2 |  2.5
Long Blades    | 1 2 |  2.5
Axes           | 1 2 |  2.5
Maces & Flails | 1 2 |  2.5
Polearms       | 1 2 |  2.5
Staves         | 1 2 |  2.5
Bows           | 1 2 |  2.5
Crossbows      | 1 2 |  2.5
Throwing       | 1 2 |  2.5
Armour         | 1 2 |  2.5
Stealth        | 1 2 |  2.5
Shields        | 1 2 |  2.5
Unarmed Combat | 1 2 |  2.5
Evocations     | 1 2 |  2.5
Spellcasting   | 3 |  3.8
Conjurations   | 1 2 |  2.0
Charms         | 1 2 |  2.0
Summonings     | 1 2 |  2.0
Necromancy     | 1 2 |  2.0
Translocations | 1 2 |  2.0
Transmutations | 1 2 |  2.0
Fire Magic     | 1 2 |  2.0
Ice Magic      | 1 2 |  2.0
Air Magic      | 1 2 |  2.0
Earth Magic    | 1 2 |  2.0
Poison Magic   | 1 2 |  2.0
Fighting       | 3 |  3.6
Slings         | 5 |  5.2
Dodging        | 5 |  5.2
Hexes          | |  5.8

Action                   |  1- 3 |  4- 6 |  7- 9 || total
-------------------------+-------+-------+-------++-------
Melee: Whip              |       |     5 |    56 ||    61
       Falchion          |       |     2 |    32 ||    34
       Bite              |       |     1 |    15 ||    16
       Dagger            |       |       |     2 ||     2
       Punch             |       |       |     2 ||     2
 Fire: Hunting sling     |   106 |   153 |     8 ||   267
  Use: Scroll            |       |     9 |     2 ||    11
       Potion            |       |       |     3 ||     3
 Stab: Sleeping          |       |       |     2 ||     2
  Eat: Ration            |       |     1 |       ||     1
       Chunk             |       |     2 |     3 ||     5
Armor: Robe              |     4 |    11 |     4 ||    19
       Ring mail         |       |       |    22 ||    22
Dodge: Dodged            |    23 |    47 |   105 ||   175
       Deflected         |       |     1 |       ||     1
       Rpst.: Falchion   |       |     2 |    14 ||    16
